 Dungeon Crawl Stone Soup version 0.30-a0-802-gb92711bcdf (webtiles) character file.

Game seed: 2020845494240583650

75019 Esekla the Carver (level 15, -1/108 HPs)
             Began as an Octopode Delver on Feb 24, 2023.
             Was an Initiate of Gozag.
             Slain by a meliai
             ... wielding a +0 hand axe
              (22 damage)
             ... on level 12 of the Dungeon on Feb 25, 2023.
             The game lasted 03:08:58 (26645 turns).

Esekla the Carver (Octopode Delver)                Turns: 26645, Time: 03:08:58

Health: -1/108     AC:  9    Str: 11    XL:     15   Next: 48%
Magic:  27/27      EV: 23    Int: 19    God:    Gozag
Gold:   1494       SH:  0    Dex: 15    Spells: 21/31 levels left

rFire   + . .      SeeInvis .    s - +1 dagger (venom)
rCold   . . .      Faith    .    (no shield)
rNeg    . . .      Spirit   .    (helmet restricted)
rPois   .          Reflect  .    p - amulet of magic regeneration
rElec   .          Harm     .    u - +4 ring of protection
rCorr   .          Rampage  .    A - +4 ring of protection
Will    +....                    J - +5 ring of evasion
Stlth   ++++++                   v - ring of protection from fire
HPRegen 0.38/turn                (no ring)
MPRegen 0.60/turn                (no ring)
                                 (no ring)
                                 (no ring)

@: no status effects
A: almost no armour, amphibious, 8 rings, camouflage 1, gelatinous body 1,
(nimble swimmer 1), tentacles
a: Renounce Religion, Potion Petition, Call Merchant, Bribe Branch


You were on level 12 of the Dungeon.
You worshipped Gozag.
Gozag was most pleased with you.
You visited 4 branches of the dungeon, and saw 20 of its levels.
You also visited: Ice Cave.

You collected 6752 gold pieces.
You spent 1813 gold pieces at shops.
You paid 3445 gold pieces to Gozag.

Inventory:

Hand Weapons
 a - a +3 long sword
 f - a +9 scimitar of flaming
 r - a +4 spear
 s - a +1 dagger of venom (weapon)
 I - a +3 scimitar of flaming
 U - the +4 rapier "Ogrebane" {venom, +Blink rPois Str+4 Int-3}
   (You found it in an ice cave)

   Str:       It affects your strength (+4).
   Int:       It affects your intelligence (-3).
   rPois:     It protects you from poison.
   +Blink:    It lets you blink.
Missiles
 t - 11 poisoned darts
 G - 3 curare-tipped darts
 H - 11 boomerangs (quivered)
 L - 12 javelins
Jewellery
 p - an amulet of magic regeneration (around mantle)
 u - a +4 ring of protection (left tentacle)
 v - a ring of protection from fire (on tentacle)
 A - a +4 ring of protection (right tentacle)
 J - a +5 ring of evasion (on tentacle)
 N - a ring of ice
 V - a ring of ice
Wands
 i - a wand of light (17)
 k - a wand of mindburst (7)
 x - a wand of flame (25)
 F - a wand of digging (4)
 Q - a wand of roots (14)
Scrolls
 d - 3 scrolls of fear
 e - 5 scrolls of teleportation
 g - 4 scrolls of enchant armour
 j - a scroll of amnesia {unknown}
 l - 5 scrolls of blinking
 m - a scroll of summoning {unknown}
 q - a scroll of acquirement
 y - 2 scrolls of magic mapping
 B - a scroll of silence {unknown}
 K - 2 scrolls of fog
 O - a scroll of torment {unknown}
 P - 4 scrolls of vulnerability {unknown}
 W - a scroll of enchant weapon
Potions
 b - 5 potions of brilliance
 h - a potion of cancellation
 n - 3 potions of might
 o - 6 potions of flight
 C - 2 potions of haste
 D - 3 potions of lignification
 E - 4 potions of attraction
 M - a potion of resistance
 S - a potion of invisibility
 T - 2 potions of mutation
 Y - a potion of ambrosia
 Z - a potion of berserk rage
Miscellaneous
 R - a lightning rod (4/4)


   Skills:
 * Level 11.9 Fighting
 + Level 5.1(10.5) Short Blades
 - Level 14.2(14.5) Long Blades
 + Level 6.2 Throwing
 * Level 10.4 Dodging
 + Level 13.0 Stealth
 * Level 8.5 Spellcasting
 - Level 6.1 Translocations
 + Level 4.0 Transmutations
 * Level 2.0 Ice Magic
 + Level 7.0 Air Magic
 + Level 0.7 Evocations


You had 21 spell levels left.
You knew the following spells:

 Your Spells              Type           Power      Damage    Failure   Level
h - Vhi's Electric Charg  Tloc/Air       66%        N/A       1%          3
w - Wereblood             Tmut           23%        N/A       2%          2
z - Freezing Cloud        Conj/Ice/Air   9%         6-21      56%         5

Your spell library contained the following spells:

 Spells                   Type           Power      Damage    Failure   Level
 Beastly Appendage        Tmut           46%        N/A       1%          1
 Swiftness                Air            34%        N/A       1%          3
 Passwall                 Tmut/Erth      12%        N/A       5%          2
 Passage of Golubria      Tloc           31%        N/A       7%          4
 Kiss of Death            Conj/Necr      32%        2d7       9%          1
 Sandblast                Erth           16%        2d6       9%          1
 Summon Small Mammal      Summ           32%        N/A       9%          1
 Ensorcelled Hibernation  Hex/Ice        22%        N/A       9%          2
 Spider Form              Tmut/Pois      15%        N/A       11%         3
 Iskenderun's Mystic Bla  Conj/Tloc      19%        2d6       24%         4
 Call Canine Familiar     Summ           8%         N/A       26%         3
 Confusing Touch          Hex            8%         N/A       26%         3
 Dazzling Flash           Conj/Hex       16%        N/A       26%         3
 Stone Arrow              Conj/Erth      16%        3d8       26%         3
 Summon Guardian Golem    Hex/Summ       8%         N/A       26%         3
 Arcjolt                  Conj/Air       10%        1d20      50%         5
 Silence                  Hex/Air        10%        N/A       50%         5
 Anguish                  Hex/Necr       4%         N/A       65%         4
 Dispel Undead            Necr           8%         3d8       65%         4
 Fireball                 Conj/Fire      4%         3d4       94%         5
 Iskenderun's Battlesphe  Conj           8%         2d6       94%         5
 Conjure Ball Lightning   Conj/Air       10%        3x3d6     97%         6
 Starburst                Conj/Fire      4%         6d3       100%        6
 Haunt                    Necr/Summ      4%         N/A       100%        7
 Orb of Destruction       Conj           4%         9d5       100%        7
 Infestation              Necr           4%         N/A       100%        8
 Lehudib's Crystal Spear  Conj/Erth      4%         10d3      100%        8
 Maxwell's Capacitive Co  Air            17%        ∞         100%        8
 Polar Vortex             Ice            7%         N/A       100%        9
 Animate Dead             Necr           Unusable   N/A       N/A         4
 Simulacrum               Ice/Necr       Unusable   N/A       N/A         6

Dungeon Overview and Level Annotations

Branches:
Dungeon (12/15)            Temple (1/1) D:4            Lair (5/5) D:11
 Shoals (0/4) Lair:3       Spider (0/4) Lair:3        Slime (0/5) Lair:4
    Orc (2/2) D:9             Elf (0/3) Orc:2         IceCv (visited)

Altars:
Ashenzari
Dithmenos
Elyvilon
Fedhas
Gozag
Hepliaklqana
Makhleb
Nemelex Xobeh
Ru
Sif Muna
Trog
Uskayaw
Vehumet
Xom
Yredelemnul
Zin
The Shining One
Jiyva

Shops:
D:5 =*?(   D:11 !((((?   Orc:2 (=*[

Annotations:
D:6 Pikel
D:9 exclusions: obsidian statue and orange crystal statue
Lair:4 Rupert


Innate Abilities, Weirdness & Mutations

You cannot wear most types of armour.
You are amphibious.
You can wear up to eight rings at the same time.
Your skin changes colour to match your surroundings (Stealth+).
Your rubbery body absorbs attacks. (AC +1, EV +1)
((You are camouflaged when in or above water. (Stealth+)))
You have tentacles for arms and can constrict up to eight enemies at once.


Message History

The meliai calls down the wrath of its god upon you.
Something smites you! The killer bee stings you!
There is an open door here.
The killer bee attacks as you move away!
The killer bee completely misses you.
The killer bee attacks as you move away!
The killer bee completely misses you. The meliai attacks as you move away!
The meliai completely misses you. The meliai misses you.
You feel very sick. The meliai hits you with a +0 hand axe!
The meliai stings you but does no damage.
The meliai mumbles some strange prayers to its god against you.
Something smites you!
* * * LOW HITPOINT WARNING * * *
The meliai hits you with a +0 hand axe!!
* * * LOW HITPOINT WARNING * * *
The meliai closely misses you.
You feel better. The meliai hits you with a +0 hand axe.
* * * LOW HITPOINT WARNING * * *
The meliai stings you but does no damage.
The meliai closely misses you. x3; The meliai stings you!
* * * LOW HITPOINT WARNING * * *
You are lethally poisoned!
The meliai poisons you!
The queen bee calls on the meliai to defend it!
The meliai goes berserk!
You feel much better.
You feel very sick. The meliai completely misses you. The meliai misses you.
The meliai rages.
The meliai completely misses you. The meliai stings you!
* * * LOW HITPOINT WARNING * * *
You are more poisoned.
The meliai poisons you! The meliai hits you but does no damage.
The meliai closely misses you.
The meliai rages.
You feel better. The meliai closely misses you. The meliai barely misses you.
The meliai hits you with a +0 hand axe!!
You die...
Your body crumbles into a pile of gold.

#.........##.
#.........##.
##'###...##.. #.# #...##..
#.###..##... #..##..##...
######+## ###'#....##..
#.†Dyyyy#### #).......##..
#..yyyyyy@.###.........##.
#†.yyyyy##...'.........##.
+...yyy.######......#...##
#...yyyy# #...(.'<...##
#!.!..yy# #.....###....
#.†..!..# ##'#### #....
#####+### #.## ##### #>.#
# ##.# ###


You could see a queen bee, an acid dragon, 3 meliai and 16 killer bees.

Vanquished Creatures
  Kirke (Lair:4)
  Fannar (D:11)
  4 hydras
  2 ironbound frosthearts (IceCv)
  A catoblepas (Lair:5)
  4 two-headed ogres
  Erica (D:9)
  A deep troll shaman (Lair:5)
  A boulder beetle (D:11)
  Urug (D:10)
  11 death yaks
  Nergalle (Lair:2)
  A skeletal warrior (D:10)
  4 orc high priests (Orc:2)
  A skyshark (Lair:4)
  A lindwurm (Lair:5)
  A deep elf pyromancer (D:10)
  A wolf spider (Lair:5)
  2 cyclopes
  2 orc knights
  3 ugly things
  4 orc sorcerers
  2 oklob plants (Lair:4)
  12 elephants
  A manticore (D:12)
  3 torpor snails
  A merfolk siren (Lair:3)
  9 black mambas
  An ice statue (IceCv)
  14 cane toads
  An unseen horror (D:12)
  4 rime drakes
  An efreet (D:10)
  8 komodo dragons
  A tengu conjurer (D:10)
  2 ice devils (Orc:2)
  6 trolls
  Prince Ribbit (D:7)
  16 polar bears
  10 blink frogs
  A dream sheep (Lair:5)
  5 slime creatures (D:12)
  2 vampires (D:12)
  4 shadows
  3 wyverns
  60 yaks
  4 hogs (Lair:4)
  A wraith (D:11)
  A human (Lair:4)
  A basilisk (Lair:5)
  8 wargs
  Menkaure (D:6)
  2 acid dragons
  6 water moccasins
  Duvessa (D:7)
  25 orc warriors
  8 ice beasts
  2 sky beasts
  7 black bears
  6 ogres
  27 wolves
  3 centaurs
  2 phantoms
  3 kobold brigands
  A gnoll sergeant (D:9)
  4 scorpions
  4 bullfrogs
  2 necrophages
  12 wights
  Dowan (D:7)
  14 killer bees
  2 howler monkeys
  An electric eel (Lair:3)
  6 hounds
  2 jellies
  7 orc priests
  A gnoll bouda (D:4)
  Jessica (D:2)
  2 iguanas
  12 orc wizards
  A scorpion zombie (D:3)
  5 hell rats (Lair:3)
  16 gnolls
  7 adders
  2 shadow imps
  2 white imps
  An ufetubus (D:6)
  An adder zombie (D:3)
  An adder skeleton (D:3)
  3 worms
  A dart slug (D:2)
  34 orcs
  8 ball pythons
  2 endoplasms (D:2)
  A giant cockroach (D:3)
  3 goblins
  7 hobgoblins
  3 jackals (D:4)
  15 kobolds
  A ball python zombie (D:3)
  5 bats
  5 frilled lizards
  11 rats
  3 bushes (Lair:2)
535 creatures vanquished.

Vanquished Creatures (others)
  21 fungi
  46 plants
67 creatures vanquished.

Grand Total: 602 creatures vanquished

Notes
Turn   | Place    | Note
-------+----------+-------------------------------------------
     0 | D:5      | Esekla the Octopode Delver began the quest for the Orb.
     0 | D:5      | Reached XP level 1. HP: 16/16 MP: 1/1
     2 | D:5      | Found Sapnighi's Magic Scroll Shoppe.
     6 | D:5      | Noticed a hound
    13 | D:5      | Killed a hound
    14 | D:5      | Reached XP level 2. HP: 13/21 MP: 1/3
    14 | D:5      | Reached XP level 3. HP: 16/26 MP: 1/4
    30 | D:5      | Found a blossoming altar of Fedhas.
    76 | D:5      | Found Ylonwedgh's Weapon Boutique.
   194 | D:5      | Found Mudos's Assorted Antiques.
   231 | D:5      | Found a shadowy altar of Dithmenos.
   237 | D:5      | Noticed an ogre
   244 | D:5      | Noticed an ogre
   245 | D:5      | Found a radiant altar of Vehumet.
   254 | D:5      | Noticed a moth of wrath
   256 | D:5      | Found a bloodstained altar of Trog.
   264 | D:5      | Found Jinus's Jewellery Shoppe.
   415 | D:4      | Found a glowing silver altar of Zin.
   449 | D:4      | Reached skill level 1 in Spellcasting
   449 | D:4      | Reached XP level 4. HP: 31/31 MP: 5/5
   475 | D:4      | Noticed a necrophage
   490 | D:4      | Killed a necrophage
   491 | D:4      | Reached XP level 5. HP: 36/36 MP: 6/6
   634 | D:4      | Noticed a black bear
   643 | D:4      | Killed a black bear
   644 | D:4      | Reached XP level 6. HP: 38/43 MP: 6/8
   843 | D:4      | Found a staircase to the Ecumenical Temple.
   853 | Temple   | Entered the Ecumenical Temple
   866 | Temple   | Became a worshipper of Gozag Ym Sagoz the Greedy
  1039 | D:4      | Reached skill level 3 in Long Blades
  2436 | D:2      | Noticed Jessica
  2601 | D:2      | Killed Jessica
  2602 | D:2      | Reached XP level 7. HP: 48/48 MP: 10/10
  2818 | D:3      | Found a faded altar of an unknown god.
  2896 | D:3      | Found a sparkling altar of Nemelex Xobeh.
  3125 | D:3      | Found a burning altar of Makhleb.
  3167 | D:3      | Reached skill level 1 in Short Blades
  4100 | D:5      | Reached XP level 8. HP: 54/54 MP: 12/12
  4223 | D:5      | Reached skill level 1 in Throwing
  4588 | D:5      | Reached skill level 10 in Stealth
  4693 | D:5      | Bought a scroll of blinking for 105 gold pieces
  4693 | D:5      | Bought a scroll of teleportation for 42 gold pieces
  4730 | D:5      | Reached skill level 4 in Long Blades
  4807 | D:5      | Bought a +4 ring of protection for 432 gold pieces
  5351 | D:5      | Bought a scroll labelled MUDIFIENTU for 29 gold pieces
  5351 | D:5      | Bought 3 scrolls labelled MUDIFIENTU for 87 gold pieces
  5351 | D:5      | Bought a scroll labelled CEWUBY FIYTHRO for 29 gold pieces
  5766 | D:6      | Reached skill level 5 in Fighting
  5932 | D:6      | Noticed Menkaure
  5937 | D:6      | Killed Menkaure
  5938 | D:6      | Reached skill level 5 in Dodging
  6005 | D:6      | Reached XP level 9. HP: 61/61 MP: 14/14
  6129 | D:6      | Noticed Pikel
  6263 | D:7      | Noticed Prince Ribbit
  6519 | D:7      | Found a white marble altar of Elyvilon.
  6687 | D:7      | Found a hazy altar of Hepliaklqana.
  6746 | D:7      | Found a sacrificial altar of Ru.
  6746 | D:7      | Found a hide-covered altar of Uskayaw.
  6842 | D:7      | HP: 3/61 [centaur (1)]
  6843 | D:7      | Killed Prince Ribbit
  6980 | D:7      | Noticed Duvessa
  6980 | D:7      | Noticed Dowan
  6995 | D:7      | Killed Dowan
  6997 | D:7      | Killed Duvessa
  7254 | D:5      | Reached skill level 5 in Long Blades
  8198 | D:8      | Reached XP level 10. HP: 47/67 MP: 16/16
  8420 | D:5      | Bought a +4 ring of protection for 432 gold pieces
  8841 | D:7      | Found a basalt altar of Yredelemnul.
  9182 | D:8      | Learned a level 2 spell: Wereblood
  9247 | D:8      | Noticed a two-headed ogre
  9915 | D:9      | Reached skill level 1 in Transmutations
  9929 | D:9      | Noticed an obsidian statue
 10041 | D:9      | Noticed an orange crystal statue
 10142 | D:9      | Found a glowing golden altar of the Shining One.
 10181 | D:9      | Reached skill level 6 in Long Blades
 10348 | D:9      | Found a staircase to the Orcish Mines.
 10439 | D:9      | Noticed Erica
 10452 | D:10     | Entered Level 10 of the Dungeon
 10636 | D:10     | Reached skill level 7 in Long Blades
 10636 | D:10     | Noticed a skeletal warrior
 10745 | D:10     | Reached skill level 5 in Spellcasting
 10898 | D:10     | Found a shimmering altar of Xom.
 10925 | D:9      | Identified the ring "Luez" {rN+++ EV+5 Str+4 Int-5}
 10992 | D:9      | Learned a level 3 spell: Vhi's Electric Charge
 11014 | D:9      | Reached XP level 11. HP: 75/75 MP: 18/18
 11029 | D:9      | Noticed a two-headed ogre
 11049 | D:9      | Killed a two-headed ogre
 11066 | D:9      | Reached skill level 1 in Air Magic
 11257 | D:9      | Killed Erica
 11258 | D:9      | Reached skill level 1 in Translocations
 11654 | Orc:1    | Entered Level 1 of the Orcish Mines
 12049 | D:9      | Reached skill level 8 in Long Blades
 12258 | Orc:1    | Noticed a cyclops
 12265 | Orc:1    | Noticed an orc sorcerer
 12273 | Orc:1    | Killed a cyclops
 12276 | Orc:1    | Killed an orc sorcerer
 12441 | Orc:1    | Identified a scroll of acquirement
 12636 | D:10     | Noticed Urug
 12643 | D:10     | Killed Urug
 12672 | D:10     | Noticed a deep elf pyromancer
 12675 | D:10     | Killed a deep elf pyromancer
 12742 | D:10     | Found a broken altar of Ashenzari.
 12823 | D:10     | Reached skill level 5 in Throwing
 12921 | D:10     | Reached skill level 9 in Long Blades
 12959 | D:10     | Noticed a two-headed ogre
 12966 | D:10     | Killed a two-headed ogre
 13059 | D:11     | Found Jaapuf's Distillery.
 13086 | D:11     | Noticed a boulder beetle
 13122 | D:11     | Noticed a green ugly thing
 13124 | D:11     | Killed a green ugly thing
 13125 | D:11     | Reached XP level 12. HP: 84/84 MP: 20/20
 13125 | D:11     | Noticed Fannar
 13146 | D:11     | Bought a potion of heal wounds for 70 gold pieces
 13146 | D:11     | Bought a potion of heal wounds for 70 gold pieces
 13171 | D:11     | Killed Fannar
 13199 | D:11     | Found Qiyx's Antique Weapon Shoppe.
 13261 | D:11     | Noticed a two-headed ogre
 13288 | D:11     | Killed a two-headed ogre
 13363 | D:11     | Found a staircase to the Lair.
 13542 | D:11     | Killed a boulder beetle
 13543 | D:11     | Reached skill level 10 in Long Blades
 13892 | D:11     | Bought a scroll of identify for 34 gold pieces
 13911 | Lair:1   | Entered Level 1 of the Lair of Beasts
 15081 | Lair:1   | Reached skill level 11 in Long Blades
 15154 | Lair:1   | Identified the +1 chain mail of Feasting {Drain rF+ Str+7
                  | Int-4}
 15226 | Lair:2   | Noticed Nergalle
 15692 | Lair:2   | Killed Nergalle
 15693 | Lair:2   | Reached XP level 13. HP: 87/90 MP: 22/22
 16702 | Lair:3   | Reached skill level 12 in Long Blades
 16968 | Lair:3   | Found a hole to the Spider Nest.
 17004 | Lair:3   | Found a staircase to the Shoals.
 17092 | Lair:3   | Reached skill level 5 in Air Magic
 17764 | Lair:3   | Reached skill level 5 in Translocations
 18228 | Orc:2    | Entered Level 2 of the Orcish Mines
 18251 | Orc:2    | Found Feffaapa's Jewellery Shoppe.
 18282 | Orc:2    | Found a staircase to the Elven Halls.
 18290 | Orc:2    | Reached skill level 13 in Long Blades
 18342 | Orc:2    | Found a frozen archway.
 18353 | IceCv    | Entered an ice cave
 18662 | IceCv    | Reached XP level 14. HP: 98/98 MP: 24/24
 18665 | IceCv    | Reached skill level 10 in Fighting
 19548 | IceCv    | Identified the +7 fire dragon scales of the Vestibule of
                  | Hell {rF++ rC- MP+9}
 19550 | IceCv    | Identified the +4 rapier "Ogrebane" {venom, +Blink rPois
                  | Str+4 Int-3}
 19712 | Orc:2    | Found Xautisuz's Antique Armour Shop.
 20383 | Orc:2    | Paralysed by an orc sorcerer for 5 turns
 20400 | Orc:2    | Noticed an orc warlord
 20406 | Orc:2    | HP: 4/95 [orc wizard/magic dart (7)]
 20701 | Orc:2    | Found Unoniedu's Antique Weapon Shoppe.
 20807 | Orc:1    | Reached skill level 14 in Long Blades
 20896 | Orc:1    | You fall into a shaft and drop 1 floor!
 20897 | Orc:2    | Found Aruhat's General Store.
 21186 | Orc:2    | Found a runed translucent door.
 21662 | D:5      | Bought a glowing great sword for 275 gold pieces
 21854 | D:11     | Bought a fading falchion for 208 gold pieces
 21854 | D:11     | Identified the +10 falchion "Xyitis" {heavy, Contam rPois
                  | Dex+4} (You bought it in a shop on level 11 of the Dungeon)
 21993 | Lair:4   | Noticed Rupert
 22235 | Lair:4   | Found a viscous altar of Jiyva.
 22236 | Lair:4   | Found a staircase to the Slime Pits.
 22304 | Lair:4   | Noticed Kirke
 22328 | Lair:4   | Killed Kirke
 22901 | Lair:4   | Found a blossoming altar of Fedhas.
 23147 | Lair:5   | Entered Level 5 of the Lair of Beasts
 23884 | Lair:5   | Reached XP level 15. HP: 107/107 MP: 27/27
 24018 | Lair:5   | Reached skill level 10 in Dodging
 24324 | Lair:5   | Reached skill level 5 in Short Blades
 24361 | Lair:5   | Reached skill level 1 in Ice Magic
 25469 | D:11     | Learned a level 5 spell: Freezing Cloud
 26643 | D:12     | HP: 2/108 [meliai/+0 hand axe (12)]
 26645 | D:12     | Slain by a meliai

Illustrated notes

Levels and vault maps discovered:
D:1:      wander_arrival_lonely_grave, layout_basic
D:2:      layout_basic, kennysheep_another_room, kennysheep_generic_room_15,
          uniq_jessica
D:3:      layout_loops_ring, nemelex_diamond_rough_becter,
          mainiacjoe_overflow_alcove_1,
          dreamdust_ecumenical_altar_angels_and_demons, serial_undead,
          serial_undead_c, serial_undead_f, serial_undead_c, serial_undead_b
D:4:      layout_basic, zin_statuary, temple_hall
D:5:      layout_basic, fedhas_altar_2, mainiacjoe_overflow_large_starburst,
          tgw_trog, serial_shops, nicolae_take_the_stairs, shop, shop,
          nicolae_shop_bloodbath_and_beyond, kennysheep_cluttered_room,
          minmay_misc_feat_five
D:6:      layout_rooms, uniq_pikel, uniq_menkaure
D:7:      layout_gridville, nzn_hepliaklqana_mist_gate,
          nicolae_overflow_hidden_temple, elyvilon_altar_5,
          jmf_multi_god_temple, minmay_misc_feat_roman, uniq_prince_ribbit1,
          uniq_duvessa
D:8:      layout_loops_ring
D:9:      layout_basic, tso_metal_star, minmay_orc_entry_guard_dogs,
          nicolae_hexahallways, minivault_15, minmay_protected_statue,
          uniq_erica
D:10:     minmay_distorted_concentric_squares, layout_loops_ring,
          mainiacjoe_overflow_catwalk, mainiacjoe_overflow_tiny_flanked,
          uniq_urug
D:11:     layout_loops_ring, hellmonk_lair_entry_icy, serial_shops,
          nicolae_shop_advertising_works [nicolae_subvault_shop_adworks], shop,
          uniq_fannar
D:12:     layout_roguey [special_room_bee], nicolae_two_hexagons, uniq_maurice
Temple:   nicolae_temple_great_sept
Lair:1:   layout_layer_cave
Lair:2:   layout_gridlike, serial_forest, infiniplex_forest_end_2,
          infiniplex_forest_clump_double, infiniplex_forest_end_double,
          infiniplex_forest_diagonal, infiniplex_forest_clump_small,
          infiniplex_forest_straight_3, infiniplex_forest_clump_small,
          infiniplex_forest_clump_medium, infiniplex_forest_lined_room_2,
          lemuel_fruit_fields, lemuel_fruit_fields, uniq_nergalle
Lair:3:   layout_gridlike, minmay_shoals_entry_lonely_mermaid,
          spider_nest_entry_webs, serial_forest, infiniplex_forest_lined_1,
          infiniplex_forest_lined_4_way, infiniplex_forest_lined_room_,
          infiniplex_forest_straight_4, infiniplex_forest_clump_double,
          infiniplex_forest_lined_2, infiniplex_forest_straight_1,
          infiniplex_forest_clump_medium
Lair:4:   layout_regular_city, dpeg_slime_entry_enclosed,
          chequers_serial_rivers_large_a, hangedman_tree_tricks,
          nicolae_quartered_pool_impasse, uniq_rupert, uniq_kirke
Lair:5:   grunt_lair_end_beastmaster, layout_long_grid, st_stairs_4,
          chequers_serial_rivers_room_a, minmay_shattered_shrine
Orc:1:    layout_caves, minmay_orc_keep
Orc:2:    grunt_orc_gardens, layout_caves, grunt_orc_garden, grunt_orc_garden,
          grunt_orc_garden, grunt_orc_garden, portal_ice_cave_demonic_guard,
          basic_altar, nicolae_volcano_entry_lava_flow, lightli_church_of_beogh

Skill      XL: |  1  2  3  4  5  6  7  8  9 10 11 12 13 14 15 |
---------------+----------------------------------------------+-----
Stealth        | 7 8 9 10 11 12 13 | 13.0
Spellcasting   | 1 2 3 4 5 6 7 8 |  8.5
Fighting       | 4 5 6 7 8 9 11 | 11.9
Dodging        | 3 5 6 7 8 9 10 | 10.4
Long Blades    | 3 4 5 7 9 11 13 14 | 14.2
Short Blades   | 1 2 3 4 5 |  5.1
Throwing       | 3 4 5 6 |  6.2
Transmutations | 2 3 4 |  4.0
Air Magic      | 3 4 5 7 |  7.0
Translocations | 3 4 5 6 |  6.1
Ice Magic      | 2 |  2.0
Evocations     | |  0.7

Action                     |  1- 3 |  4- 6 |  7- 9 | 10-12 | 13-15 || total
---------------------------+-------+-------+-------+-------+-------++-------
  Melee: Falchion          |     5 |     7 |    59 |    19 |       ||    90
         Constrict         |     1 |    15 |    41 |    51 |    73 ||   181
         Dagger            |     4 |    67 |   170 |   114 |    76 ||   431
         Tentacles         |       |    21 |    53 |   114 |   269 ||   457
         Punch             |       |     3 |     1 |     4 |    14 ||    22
         Long sword        |       |       |       |    51 |       ||    51
         Scimitar          |       |       |       |   231 |   800 ||  1031
  Throw: Dart              |       |     1 |    48 |    46 |    50 ||   145
         Boomerang         |       |       |       |     6 |    21 ||    27
   Cast: Wereblood         |       |       |       |    14 |    38 ||    52
         Vhi's Electric Ch |       |       |       |     1 |     2 ||     3
 Invoke: Call Merchant     |       |       |       |     1 |     3 ||     4
  Evoke: Wand              |     1 |       |     2 |     2 |     4 ||     9
    Use: Scroll            |     1 |       |     9 |    13 |    11 ||    34
         Potion            |     1 |       |     3 |     1 |    10 ||    15
   Stab: Sleeping          |     4 |    24 |    18 |    23 |    30 ||    99
         Invisible         |       |       |     1 |       |       ||     1
         Distracted        |       |       |     1 |     7 |     9 ||    17
         Petrified         |       |       |       |       |     4 ||     4
 Armour: Skin              |       |     1 |    40 |    90 |   111 ||   242
  Dodge: Dodged            |     5 |    39 |   148 |   317 |   610 ||  1119

Table legend: (Time is in decaauts)
 A = Elapsed time spent in this place.
 B = Non-inter-level travel time spent in this place.
 C = Inter-level travel time spent in this place.
 D = Time resting spent in this place.
 E = Time spent auto-exploring this place.
 F = Levels seen in this place.
 G = Mean time per level.
                   A        B        C        D        E       F      G
               +--------+--------+--------+--------+--------+-----+--------+
         Total |  26206 |  24805 |   1401 |   6685 |   5419 |  21 | 1247.9 |
       Dungeon |  15052 |  14039 |   1013 |   3615 |   2784 |  12 | 1254.3 |
        Temple |     24 |     13 |     11 |      0 |      9 |   1 |   24.0 |
          Lair |   7545 |   7218 |    327 |   1875 |   2008 |   5 | 1509.0 |
  Orcish Mines |   2311 |   2261 |     50 |    534 |    437 |   2 | 1155.5 |
      Ice Cave |   1272 |   1272 |      0 |    660 |    181 |   1 | 1272.0 |
               +--------+--------+--------+--------+--------+-----+--------+

Top non-repeatable levels by time:
     D:5: 2278 daAuts
  Lair:5: 2081 daAuts
     D:7: 1663 daAuts
     D:9: 1594 daAuts
     D:8: 1587 daAuts
   Orc:2: 1497 daAuts
  Lair:1: 1493 daAuts
  Lair:2: 1476 daAuts
    D:11: 1345 daAuts
  Lair:3: 1325 daAuts
     D:4: 1308 daAuts
   IceCv: 1272 daAuts
  Lair:4: 1168 daAuts
     D:6: 1126 daAuts
    D:10: 998 daAuts
